AoeStats
← Khirs

Highland

505044375Analyzed
4v4 RM · 25d ago on Sep 7, 2026· 20m 21s· 8 players
Game mode
Random Map
Map size
Large (8 player)
Population
200
Speed
Normal
Resources
Standard
Victory
Conquest
Starting age
Dark Age
Ending age
Imperial Age
RankedLock teamsTeams togetherTeam positionsShared explorationLock speedFull tech treeHidden civsTurbo modeCheats
Victory
Defeat
🇱🇺 Malay · Luxembourg
871
+17
🇩🇰 Cumans · Denmark
865
+17
🇪🇸 Chinese · Spain
858
+17
🇬🇷 Goths · Greece
855
+17
🇺🇸 Lithuanians · United States
953
-20
🇺🇸 Persians · United States
876
-17
🇺🇸 Franks · United States
860
-16
🇭🇰 Spanish · Hong Kong SAR China
841
-15
Khirs
3:02 Loom
14:11 Feudal Age
14:49 Double-Bit Axe
15:00 Horse Collar
lil_luzツ
13:07 Feudal Age
13:00 Double-Bit Axe
12:56 Horse Collar
21:40 Castle Age
19:29 Man-at-Arms
alakerman
12:54 Feudal Age
14:11 Wheelbarrow
13:44 Double-Bit Axe
17:08 Castle Age
BLITZKRIEG
5:09 Loom
10:14 Feudal Age
10:52 Double-Bit Axe
11:43 Horse Collar
17:16 Wheelbarrow
19:29 Forging
I THS I
11:38 Feudal Age
12:00 Double-Bit Axe
11:57 Horse Collar
16:45 Castle Age
17:35 Heavy Plow
18:07 Bow Saw
HowManyMustDie
0:41 Loom
3:36 Loom
12:57 Feudal Age
18:47 Castle Age
17:07 Double-Bit Axe
17:31 Horse Collar
GrandMasterE
0:29 Loom
15:28 Feudal Age
17:40 Double-Bit Axe
20:09 Gold Mining
ccpui1203
0:53 Loom
12:33 Feudal Age
17:57 Castle Age
16:08 Double-Bit Axe
16:22 Horse Collar
18:15 Wheelbarrow
19:53 Bow Saw
19:48 Heavy Plow
Connection lost

Rejoining the realm…

Still unreachable

The connection could not be restored.

Session expired

The server has moved on; the page needs a fresh start.